AoeStats
← 半生孑

Hideout

507518738Analyzed
1v1 RM · 12d ago on Sep 18, 2026· 52m 0s· 2 players
Game mode
Random Map
Map size
Tiny (2 player)
Population
200
Speed
Normal
Resources
Standard
Victory
Conquest
Starting age
Dark Age
Ending age
Imperial Age
RankedLock teamsTeams togetherTeam positionsShared explorationLock speedFull tech treeHidden civsTurbo modeCheats
Victory
Defeat
🇨🇳 Teutons · China
1028
+18
🇧🇪 Malay · Belgium
1077
-18
GUNTHA WAS HERE
9:57 Feudal Age
12:34 Man-at-Arms
13:34 Loom
17:50 Fletching
25:23 Castle Age
半生孑
6:01 Loom
8:53 Feudal Age
16:26 Fletching
21:52 Double-Bit Axe
21:58 Town Watch
26:32 Castle Age
26:30 Wheelbarrow
26:24 Horse Collar
26:36 Gold Mining
28:07 Bow Saw
28:01 Heavy Plow
28:36 Man-at-Arms
29:18 Crossbowman
31:06 Arson
33:11 Scale Mail Armor
33:23 Forging
34:08 Squires
34:54 Chain Mail Armor
35:23 Iron Casting
36:29 Stone Mining
38:15 Bodkin Arrow
42:46 Imperial Age
43:06 Spies/Treason
47:24 Plate Mail Armor
47:55 Blast Furnace
46:19 Elite Teutonic Knight
47:20 Conscription
48:10 Cavalier
Connection lost

Rejoining the realm…

Still unreachable

The connection could not be restored.

Session expired

The server has moved on; the page needs a fresh start.